 Dungeon Sprint DCSS version 0.19-a0-1049-g462a813 (webtiles) character file.

2011 poirepourri the Warrior (level 9, -1/102 (103) HPs)
             Began as a Minotaur Fighter on July 31, 2016.
             Was an Elder of Makhleb.
             Slain by Sonja
             ... wielding a +0 short sword of distortion
              (4 damage)
             ... in the Dungeon (Sprint IX: "|||||||||||||||||||||||||||||").
             The game lasted 00:01:40 (602 turns).

poirepourri the Warrior (Minotaur Fighter)           Turns: 602, Time: 00:01:41

HP:   -1/102 (103)  AC: 14    Str: 24    XL:     9   Next: 2%
MP:   10/10         EV: 10    Int:  5    God:    Makhleb [****..]
Gold: 0             SH: 10    Dex: 13    Spells: 0 memorised, 8 levels left

rFire  . . .     SeeInvis .     u - +3 war axe (chop)
rCold  . . .     Gourm    .     r - +1 chain mail
rNeg   . . .     Faith    .     c - +0 shield
rPois  .         Spirit   .     (helmet restricted)
rElec  .         Dismiss  .     (no cloak)
rCorr  .         Reflect  .     p - +0 pair of gloves
SustAt .         Harm     .     q - +0 pair of boots
MR     .....     NoTele   +     (no amulet)
Stlth  ..........               t - +2 ring of protection
                                s - +3 ring of dexterity

@: lethally poisoned (-1 -> -2), slowed, very slow, not resistant to hostile
enchantments, extremely unstealthy
A: retaliatory headbutt, horns 2
a: Minor Destruction, Lesser Servant of Makhleb, Major Destruction, Renounce
Religion


You were in the Dungeon.
You worshipped Makhleb.
Makhleb was greatly pleased with you.
You were not hungry.

You visited 1 branch

Inventory:

Hand Weapons
 a - a +0 war axe
 u - a +3 war axe of chopping (weapon)
Armour
 b - a +0 scale mail
 c - a +0 shield (worn)
 p - a +0 pair of gloves (worn)
 q - a +0 pair of boots (worn)
 r - a +1 chain mail (worn)
Jewellery
 s - a +3 ring of dexterity (left hand)
 t - a +2 ring of protection (right hand)
Wands
 o - a wand of lightning (3/15)
Scrolls
 k - 2 scrolls of blinking
 m - 3 scrolls of remove curse
 n - 2 scrolls of amnesia
Potions
 e - 5 potions of curing
 g - 2 potions of heal wounds
 h - a potion of haste
 i - 4 potions of magic
 l - a potion of invisibility
Comestibles
 f - a bread ration


   Skills:
 + Level 17.4 Fighting
 + Level 12.3 Axes
 - Level 3.6 Armour
 + Level 7.9 Dodging
 - Level 3.6 Shields
 + Level 3.4 Evocations


You had 8 spell levels left.
You didn't know any spells.

Dungeon Overview and Level Annotations

Branches:
Dungeon (1/1)

Altars:
Cheibriados
Dithmenos
Elyvilon
Fedhas
Gozag
Hepliaklqana
Kikubaaqudgha
Makhleb
Nemelex Xobeh
Okawaru
Pakellas
Qazlal
Ru
Sif Muna
Trog
Uskayaw
Vehumet
Xom
Yredelemnul
Zin
The Shining One
Beogh
Jiyva
Lugonu

Annotations:
D Sonja


Innate Abilities, Weirdness & Mutations

You reflexively headbutt those who attack you in melee.
You have a pair of horns on your head.


Message History

Space warps horribly around you! Sonja hits you but does no damage.
Space bends around you. Sonja hits you but does no damage.
Space warps horribly around you! You block Sonja's attack. x2
Sonja hits you but does no damage. Space bends around you.
* * * LOW HITPOINT WARNING * * *
Your shield and chain mail prevent you from hitting Sonja.
Sonja is heavily wounded.
You feel sick. You block Sonja's attack. Sonja closely misses you. x2
Sonja hits you but does no damage. Space warps horribly around you!
* * * LOW HITPOINT WARNING * * *
Sonja hits you but does no damage. Space bends around you.
* * * LOW HITPOINT WARNING * * *
Sonja hits you with an uncursed short sword of distortion.
* * * LOW HITPOINT WARNING * * *
Space bends around you.
* * * LOW HITPOINT WARNING * * *
Sonja hits you but does no damage.
You feel a strange sense of stasis. Sonja closely misses you.
Sonja hits you but does no damage. Space bends around you.
You die...

▓▓▓▓▓▓▓▓▓▓▓▓▓▓▓▓▓▓▓▓▓▓▓▓▓▓▓▓▓▓▓▓▓
..†.....'________________________
▓▓▓▓▓▓▓▓▓▓▓▓▓▓▓▓▓▓▓▓▓▓▓▓▓▓▓▓▓▓▓▓▓
......K@(.(..(..........
▓▓▓▓▓▓▓▓▓▓▓▓▓▓▓▓▓▓▓▓▓▓▓▓


You could see Sonja.

Vanquished Creatures
  A centaur warrior (D)
  A gargoyle (D)
  2 trolls (D)
  A yak (D)
  An ice beast (D)
  An orc warrior (D)
  A wasp (D)
  A necrophage (D)
  2 crimson imps (D)
  2 worker ants (D)
  A shadow imp (D)
  A bat skeleton (D)
  A giant cockroach (D)
  A goblin (D)
  A quokka (D)
  A bat (D)
  A giant newt (D)
  2 rats (D)
22 creatures vanquished.

Notes
Turn   | Place    | Note
-------+----------+-------------------------------------------
     0 | D        | poirepourri the Minotaur Fighter began the quest for the Orb.
     0 | D        | Reached XP level 1. HP: 19/19 MP: 0/0
     4 | D        | Reached skill level 4 in Fighting
    20 | D        | Noticed a worker ant
    20 | D        | Noticed a crimson imp
    24 | D        | Killed a worker ant
    24 | D        | Reached skill level 7 in Fighting
    24 | D        | Reached XP level 2. HP: 27/34 MP: 1/1
    28 | D        | Reached XP level 3. HP: 30/39 MP: 2/2
    31 | D        | Reached skill level 8 in Fighting
    31 | D        | Reached skill level 5 in Axes
    31 | D        | Reached skill level 1 in Dodging
   157 | D        | Found a glowing silver altar of Zin.
   157 | D        | Found a glowing golden altar of the Shining One.
   157 | D        | Found an ancient bone altar of Kikubaaqudgha.
   157 | D        | Found a basalt altar of Yredelemnul.
   157 | D        | Found a shimmering altar of Xom.
   157 | D        | Found a radiant altar of Vehumet.
   158 | D        | Found an iron altar of Okawaru.
   159 | D        | Found a burning altar of Makhleb.
   160 | D        | Found a deep blue altar of Sif Muna.
   161 | D        | Found a bloodstained altar of Trog.
   162 | D        | Found a sparkling altar of Nemelex Xobeh.
   163 | D        | Found a white marble altar of Elyvilon.
   164 | D        | Found a roughly hewn altar of Beogh.
   165 | D        | Found a viscous altar of Jiyva.
   166 | D        | Found a corrupted altar of Lugonu.
   167 | D        | Became a worshipper of Makhleb the Destroyer
   168 | D        | Found a blossoming altar of Fedhas.
   169 | D        | Found a snail-covered altar of Cheibriados.
   170 | D        | Found a shadowy altar of Dithmenos.
   171 | D        | Found a stormy altar of Qazlal.
   172 | D        | Found an opulent altar of Gozag.
   173 | D        | Found a sacrificial altar of Ru.
   174 | D        | Found an oddly glowing altar of Pakellas.
   175 | D        | Found a hide-covered altar of Uskayaw.
   176 | D        | Found a hazy altar of Hepliaklqana.
   259 | D        | Noticed an orc warrior
   259 | D        | Noticed an ice beast
   259 | D        | Noticed a wasp
   259 | D        | Noticed a yak
   259 | D        | Noticed a necrophage
   268 | D        | Killed an orc warrior
   268 | D        | Reached skill level 10 in Fighting
   268 | D        | Reached skill level 1 in Evocations
   268 | D        | Reached XP level 4. HP: 53/53 MP: 3/3
   268 | D        | Reached XP level 5. HP: 59/59 MP: 4/4
   269 | D        | Killed an ice beast
   269 | D        | Reached * piety under Makhleb
   269 | D        | Reached skill level 11 in Fighting
   271 | D        | Reached skill level 12 in Fighting
   272 | D        | Killed a wasp
   272 | D        | Reached XP level 6. HP: 71/71 MP: 4/6
   276 | D        | Killed a yak
   276 | D        | Reached ** piety under Makhleb
   276 | D        | Reached skill level 13 in Fighting
   276 | D        | Reached skill level 5 in Dodging
   278 | D        | Reached skill level 14 in Fighting
   278 | D        | Reached XP level 7. HP: 49/80 MP: 4/7
   399 | D        | Noticed a troll
   399 | D        | Noticed a gargoyle
   399 | D        | Noticed a troll
   399 | D        | Noticed a centaur warrior
   408 | D        | Killed a troll
   408 | D        | Reached *** piety under Makhleb
   408 | D        | Reached skill level 15 in Fighting
   408 | D        | Reached skill level 10 in Axes
   417 | D        | Killed a gargoyle
   417 | D        | Reached XP level 8. HP: 80/92 MP: 9/9
   421 | D        | Killed a troll
   421 | D        | Reached skill level 16 in Fighting
   425 | D        | Killed a centaur warrior
   425 | D        | Reached **** piety under Makhleb
   425 | D        | Reached skill level 17 in Fighting
   425 | D        | Reached XP level 9. HP: 96/102 MP: 10/10
   595 | D        | Noticed Sonja
   602 | D        | HP: 3/102 [Sonja/uncursed short sword of distortion (4)]
   602 | D        | Slain by Sonja

Vault maps used:
D:        linesprint

Skill      XL: |  1  2  3  4  5  6  7  8 |
---------------+-------------------------+-----
Fighting       | 7 10 12 14 15 17 | 17.4
Axes           | 4 6 8 9 10 12 | 12.3
Dodging        | 3 4 5 6 7 |  7.9
Evocations     | 1 2 3 |  3.4
Armour         | |  3.6
Shields        | |  3.6

Action                   |  1- 3 |  4- 6 |  7- 9 || total
-------------------------+-------+-------+-------++-------
Melee: War axe           |    24 |     8 |    27 ||    59
       Headbutt          |     1 |     1 |     9 ||    11
Evoke: Wand              |     3 |       |     1 ||     4
  Use: Potion            |     3 |       |       ||     3
Armor: Scale mail        |    12 |       |       ||    12
       Chain mail        |     2 |     1 |    15 ||    18
Dodge: Dodged            |     8 |       |    16 ||    24
Block: Shield            |    14 |     2 |    20 ||    36
